 Dungeon Crawl Stone Soup version 0.29-a0-315-gaf6dd05e2f (webtiles) character file.

Game seed: 7904004931756868349

40 wakim the Skirmisher (level 3, -1/31 HPs)
             Began as a Palentonga Fighter on Mar 29, 2022.
             Slain by a gnoll
             ... wielding a +0 club
              (4 damage)
             ... on level 2 of the Dungeon.
             The game lasted 00:03:03 (1164 turns).

wakim the Skirmisher (Palentonga Fighter)           Turns: 1164, Time: 00:03:03

Health: -1/31      AC:  6    Str: 21    XL:     3   Next: 30%
Magic:  3/3        EV:  7    Int:  8    God:
Gold:   61         SH:  4    Dex:  9    Spells: 2/2 levels left

rFire   . . .      SeeInvis +   a - +0 flail
rCold   . . .      Faith    .   c - +0 buckler
rNeg    . . .      Spirit   .   R - +0 scale mail {Will+}
rPois   .          Reflect  .   (no helmet)
rElec   .          Harm     .   (no cloak)
rCorr   .          Rampage  .   (no gloves)
Will    +....                   (no barding)
Stlth   ..........              (no amulet)
HPRegen 0.10/turn               (no ring)
MPRegen 0.08/turn               (no ring)

@: no status effects
A: large, rugged brown scales 3, see invisible, deformed body, roll 1, armoured
tail
a: Rolling Charge


You were on level 2 of the Dungeon.
You visited 1 branch of the dungeon, and saw 2 of its levels.

You collected 61 gold pieces.

Inventory:

Hand Weapons
 a - a +0 flail (weapon)
Missiles
 V - 6 boomerangs
Armour
 c - a +0 buckler (worn)
 R - a +0 scale mail of willpower (worn)
Scrolls
 Q - a scroll of immolation {!r!r}
Potions
 H - a potion of haste
 J - a potion of heal wounds
 N - a potion of might
 W - a potion of curing {unknown}


   Skills:
 * Level 3.5 Fighting
 * Level 2.8 Maces & Flails
 + Level 2.7 Armour
 - Level 2.4 Shields


You had 2 spell levels left.
You didn't know any spells.
Your spell library was empty.

Dungeon Overview and Level Annotations

Branches:
Dungeon (2/15)

Altars:


Innate Abilities, Weirdness & Mutations

You are completely covered in rugged brown scales. (AC +3, +7% HP)
You have supernaturally acute eyesight. (SInv)
Armour fits poorly on your strangely shaped body.
You can roll at nearby foes to attack.
You have a long armoured tail.


Message History

You barely miss the kobold.
Your tail-slap misses the kobold.
The gnoll closely misses you. The kobold hits you but does no damage.
You miss the kobold. The kobold hits you but does no damage.
You block the gnoll's attack. 16/31 (+1)
You barely miss the kobold. The kobold hits you with a +0 dagger.
* * * LOW HITPOINT WARNING * * *
The gnoll hits you but does no damage. 14/31 (-2)
You hit the kobold.
You kill the kobold!
The gnoll barely misses you. The rat bites you but does no damage.
You block the gnoll's attack.
You hit the rat.
You kill the rat!
The gnoll barely misses you.
Things that are here:
a +0 dagger; a rat corpse A kobold comes into view.
It is wielding a +0 dagger.
The gnoll attacks as you move away! The gnoll barely misses you.
The kobold shouts! 15/31 (+1)
The gnoll attacks as you move away! The gnoll hits you with a +0 club.
* * * LOW HITPOINT WARNING * * *
There is a stone staircase leading up here. 12/31 (-3)
The gnoll attacks as you move away! You block the gnoll's attack.
You sock the gnoll!
The gnoll is severely wounded.
A hobgoblin comes into view.
The gnoll barely misses you.
You completely miss the gnoll.
The gnoll is severely wounded.
The kobold barely misses you. The gnoll closely misses you.
The gnoll hits you with a +0 club!
* * * LOW HITPOINT WARNING * * *
The hobgoblin throws a stone.
The stone hits you.
* * * LOW HITPOINT WARNING * * *
The gnoll hits you with a +0 club.
You die...

####. . ##.$..? ..
##..... #..
##.....### #..
####....##..#
##...#...........#
#.......K.....#
#...@gg...###
#......g##....###
.........##.##.).#
......#..##.####.#
......#.....# #)#
......#.###.# ##.#
...g. #.# #.# #..#
#.... #.# #.# #.##
##.###.######


You could see 3 gnolls, a hobgoblin and a kobold.

Vanquished Creatures
  An adder (D:2)
  A dart slug (D:1)
  An orc (D:2)
  4 endoplasms (D:1)
  2 giant cockroaches (D:1)
  3 goblins
  A hobgoblin (D:1)
  4 ball pythons (D:1)
  4 bats
  2 frilled lizards (D:1)
  3 kobolds
  3 rats
29 creatures vanquished.

Notes
Turn   | Place    | Note
-------+----------+-------------------------------------------
     0 | D:1      | wakim the Palentonga Fighter began the quest for the Orb.
     0 | D:1      | Reached XP level 1. HP: 19/19 MP: 1/1
   170 | D:1      | Reached XP level 2. HP: 17/25 MP: 2/2
  1145 | D:2      | Reached XP level 3. HP: 25/31 MP: 3/3
  1164 | D:2      | Slain by a gnoll

Illustrated notes

Levels and vault maps discovered:
D:1:      elethiomel_arrival_infinity_welcomes_careful_drivers,
          layout_loops_corners
D:2:      layout_rooms, ebering_ecumenical_altar_hall, minmay_tetromino_s2

Action                   || total
-------------------------++-------
Melee: Flail             ||    91
       Tailslap          ||     7
 Abil: Rolling Charge    ||    25
  Use: Scroll            ||     5
Armor: Scale mail        ||    59
Dodge: Dodged            ||    46
Block: Buckler           ||    14

Table legend: (Time is in decaauts)
 A = Elapsed time spent in this place.
 B = Non-inter-level travel time spent in this place.
 C = Inter-level travel time spent in this place.
 D = Time resting spent in this place.
 E = Time spent auto-exploring this place.
 F = Levels seen in this place.
 G = Mean time per level.
                   A        B        C        D        E       F      G
               +--------+--------+--------+--------+--------+-----+--------+
         Total |   1192 |   1163 |     29 |      0 |    911 |   2 |  596.0 |
       Dungeon |   1192 |   1163 |     29 |      0 |    911 |   2 |  596.0 |
               +--------+--------+--------+--------+--------+-----+--------+

Top non-repeatable levels by time:
     D:1: 1140 daAuts
     D:2: 51 daAuts
